 Dungeon Crawl Stone Soup version 0.26.1-2-gb8aa6d0cf2 (webtiles) character file.

Game seed: 8827471323520270742

50 axecop the Sneak (level 3, 0/34 HPs)
             Began as a Naga Delver on Mar 8, 2021.
             Slain by an adder (1 damage)
             ... on level 3 of the Dungeon.
             The game lasted 00:01:29 (1105 turns).

axecop the Sneak (Naga Delver)                      Turns: 1105, Time: 00:01:30

Health: 0/34       AC:  2    Str: 14    XL:     3   Next: 79%
Magic:  3/3        EV:  9    Int: 11    God:
Gold:   15         SH:  0    Dex: 12    Spells: 2/2 levels left

rFire    . . .     SeeInvis +   a - +0 mace
rCold    . . .     Faith    .   (no shield)
rNeg     . . .     Spirit   .   b - +0 leather armour
rPois    +         Reflect  .   (no helmet)
rElec    .         Harm     .   (no cloak)
rCorr    +         Rampage  .   (no gloves)
Will     .....                  (no barding)
Stlth    +++.......             (no amulet)
HPRegen  0.11/turn              k - ring of resist corrosion
MPRegen  0.08/turn              (no ring)

@: lethally poisoned (0 -> -1), short of breath, very slow
A: large, see invisible, deformed body, poison resistance, slowness 2, spit
poison 1, AC +1
a: Spit Poison


You were on level 3 of the Dungeon.
You visited 1 branch of the dungeon, and saw 3 of its levels.

You collected 15 gold pieces.

Inventory:

Hand Weapons
 a - a +0 mace (weapon)
 f - a +0 hunting sling
Missiles
 l - 13 stones
Armour
 b - a +0 leather armour (worn)
Jewellery
 k - a ring of resist corrosion (left hand)
Wands
 g - a wand of digging (3)
Scrolls
 c - a scroll of fog
 d - a scroll of magic mapping


   Skills:
 - Level 3.0 Fighting
 + Level 4.0 Maces & Flails
 - Level 1.5 Dodging
 - Level 7.2 Stealth


You had 2 spell levels left.
You didn't know any spells.
Your spell library was empty.

Dungeon Overview and Level Annotations

Branches:
Dungeon (5/15)
 Temple: D:4-7

Altars:
Okawaru

Shops:
D:5 *

Annotations:
D:5 Eustachio


Innate Abilities, Weirdness & Mutations

You cannot wear boots.
Your serpentine skin is tough. (AC +1)
You have supernaturally acute eyesight. (SInv)
Armour fits poorly on your strangely shaped body.
Your system is resistant to poisons. (rPois)
You cover ground very slowly.
You can spit poison.


Message History

You feel forgetful for a moment.
You aren't carrying any potions.
Unknown command.
* * * LOW HITPOINT WARNING * * *
You feel sick.
Press: ? - help, Shift-Dir - straight line, f/p - adder
Aim: an adder The splash of poison misses the adder.
The adder barely misses you.
Unknown command.
Unknown command.
You miss the adder.
Your attack snaps the adder out of its fear.
The rat twitches its whiskers.
The adder bites you.
* * * LOW HITPOINT WARNING * * *
Unknown command.
You hit the adder but do no damage.
* * * LOW HITPOINT WARNING * * *
You feel sick. The adder barely misses you. The adder bites you.
You die...

#.. #. ... ..# #.. ..
#.# #. #.# . #^##.# .
###..#.###
....########........#
g.).....@S.r.[......#
....########........#
# #...........
#........###
#........# #........#
##########


You could see an adder and a rat.

Vanquished Creatures
  2 adders
  A leopard gecko (D:3)
  7 orcs
  A bat (D:3)
  A giant cockroach (D:3)
  A goblin (D:3)
  6 jackals
  2 kobolds (D:3)
21 creatures vanquished.

Notes
Turn   | Place    | Note
-------+----------+-------------------------------------------
     0 | D:5      | axecop the Naga Delver began the quest for the Orb.
     0 | D:5      | Reached XP level 1. HP: 21/21 MP: 1/1
    15 | D:5      | Noticed Eustachio
    33 | D:5      | Found Tiphuiz's Assorted Antiques.
    43 | D:5      | Noticed a jelly
   121 | D:4      | Reached XP level 2. HP: 16/28 MP: 2/2
   505 | D:3      | Reached XP level 3. HP: 10/34 MP: 3/3
   727 | D:3      | Found an iron altar of Okawaru.
  1104 | D:3      | HP: 1/34 [adder (2)]
  1105 | D:3      | Slain by an adder

Illustrated notes

Levels and vault maps discovered:
D:3:      layout_rooms, bloody_trog, okawaru_gym_becter, bh_walls_and_bars
D:4:      layout_basic, fedhas_altar_2, uniq_menkaure
D:5:      layout_basic, minmay_temple_entry_junction, serial_shops,
          nicolae_shop_overgrown_old_shop, minmay_misc_feat_cross,
          serial_bayou_pond_a, uniq_prince_ribbit1, uniq_eustachio

Skill      XL: |  1  2  3 |
---------------+----------+-----
Maces & Flails | 3 4 |  4.0
Fighting       | |  3.0
Dodging        | |  1.5
Stealth        | |  7.2

Action                   || total
-------------------------++-------
Melee: Mace              ||    55
 Abil: Spit Poison       ||    14
  Use: Scroll            ||     4
       Potion            ||     1
Armor: Leather armour    ||    16
Dodge: Dodged            ||    41
